 Dungeon Crawl Stone Soup version 0.20.1-1-g8b1a95d (webtiles) character file.

242 Folque the Magician (level 6, -3/39 HPs)
             Began as an Octopode Wizard on Nov 19, 2017.
             Slain by Grinder (10 damage)
             ... while paralysed by Grinder
             ... on level 4 of the Dungeon.
             The game lasted 00:16:14 (5280 turns).

Folque the Magician (Octopode Wizard)               Turns: 5280, Time: 00:16:15

Health: -3/39      AC:  2    Str:  5 (6)  XL:     6   Next: 9%
Magic:  2/12       EV:  2    Int: 23      God:
Gold:   98         SH:  0    Dex:  8 (10) Spells: 5/13 levels left

rFire    . . .     SeeInvis .   s - +1 whip (elec)
rCold    . . .     Gourm    .   (no shield)
rNeg     . . .     Faith    .   a - +1 hat
rPois    .         Spirit   .   (no amulet)
rElec    .         Reflect  .   (no ring)
rCorr    .         Harm     .   (no ring)
MR       .....                  (no ring)
Stlth    +++.......             (no ring)
Regen    0.2/turn               (no ring)
MPRegen  0.2/turn               (no ring)
                                (no ring)
                                (no ring)

@: paralysed, very slightly contaminated, hasted, invisible (expiring)
A: almost no armour, stealthy swim, amphibious, 8 rings, constrict 8, camouflage
1, gelatinous body 1
a: no special abilities


You were on level 4 of the Dungeon.
You were not hungry.

You visited 1 branch of the dungeon, and saw 4 of its levels.

You collected 98 gold pieces.

Inventory:

Hand Weapons
 f - a +0 spear
 l - a +0 whip of electrocution
 o - a +0 halberd
 s - a +1 whip of electrocution (weapon)
Armour
 a - a +1 hat (worn)
Jewellery
 p - a +3 ring of intelligence {unknown}
 u - an uncursed amulet of regeneration {unknown}
Scrolls
 g - a scroll of magic mapping
 h - a scroll of blinking {unknown}
 i - a scroll of teleportation
 k - a scroll of remove curse
 q - a scroll of recharging {unknown}
 r - a scroll of amnesia {unknown}
Potions
 e - a potion of degeneration
 j - a potion of heal wounds {unknown}
 m - a potion of flight {unknown}
 n - a potion of haste
Books
 b - a book of Minor Magic

   Spells                             Type                      Level
   a - Magic Dart                     Conjuration                  1
   b - Blink                          Translocation                2
   c - Call Imp                       Summoning                    2
   d - Slow                           Hexes                        2
   e - Conjure Flame                  Conjuration/Fire             3
   f - Mephitic Cloud                 Conjuration/Poison/Air       3
Comestibles
 c - 4 bread rations
 t - 7 chunks of flesh


   Skills:
 - Level 2.2 Fighting
 - Level 2.0 Dodging
 - Level 2.6 Stealth
 + Level 4.1 Spellcasting
 * Level 3.2 Conjurations
 - Level 1.0 Summonings
 - Level 1.0 Translocations
 - Level 3.0 Poison Magic


You had 5 spell levels left.
You knew the following spells:

 Your Spells              Type           Power        Failure   Level  Hunger
a - Magic Dart            Conj           ###.         2%          1    None
b - Call Imp              Summ           #.......     11%         2    #......
c - Blink                 Tloc           N/A          11%         2    #......
d - Mephitic Cloud        Conj/Pois/Air  ##......     13%         3    ##.....


Dungeon Overview and Level Annotations

Branches:
Dungeon (4/15)
 Temple: D:4-7

Altars:
Xom

Annotations:
D:3 bmj180's ghost, amateur HOFi
D:4 Grinder


Innate Abilities, Weirdness & Mutations

You cannot wear most types of armour.
You are very stealthy in the water. (Stealth+)
You are amphibious.
You can wear up to eight rings at the same time.
You can use your tentacles to constrict eight enemies at once.
Your skin changes colour to match your surroundings (Stealth+).
Your rubbery body absorbs attacks. (AC +1, EV +1)


Message History

Gang up on whom?
Press: ? - help, Dir - move target cursor, f/p - Grinder
Aim: Grinder (almost dead) Attack!
Your crimson imp disappears in a puff of smoke!
Your crimson imp is no longer paralysed.
Your crimson imp blinks!
Grinder says, "FISH!"
Grinder blinks!
Found 14 gold pieces.
Grinder gestures at you.
You suddenly lose the ability to move!
You flicker for a moment.
Grinder gestures at you. You resist with significant effort.
Your crimson imp disappears in a puff of smoke!
Grinder blinks!
Grinder says, "Don't move a muscle."
Grinder hits you!
You die...

#..... # # ###.## ..# #
##.## .#.#. #.†.# ...#
###.§.# #.$# #.†....
#..# #.5.... #.####..#
#....5. ......5@#####
##....#
#...........#######....#
######.####§....§5..#.##
#. ###########.# #. ..#
#. #### #. #.


You could see Grinder.

Vanquished Creatures
  A centaur (D:3)
  A jelly (D:3)
  A gnoll (D:2)
  3 oozes
  A worm (D:3)
  A dart slug (D:1)
  2 leopard geckos (D:3)
  2 orcs (D:3)
  2 ball pythons
  4 giant cockroaches (D:1)
  7 goblins
  10 hobgoblins
  4 jackals (D:3)
  9 kobolds
  4 quokkas
  8 bats
  4 frilled lizards
  7 rats
  A plant (D:1)
72 creatures vanquished.

Vanquished Creatures (collateral kills)
  2 adders (D:2)
  2 gnolls (D:2)
  2 worms
6 creatures vanquished.

Grand Total: 78 creatures vanquished

Notes
Turn   | Place    | Note
-------+----------+-------------------------------------------
     0 | D:1      | Folque the Octopode Wizard began the quest for the Orb.
     0 | D:1      | Reached XP level 1. HP: 11/11 MP: 4/4
   318 | D:1      | Reached skill level 1 in Fighting
   343 | D:1      | Reached XP level 2. HP: 6/18 MP: 6/6
   350 | D:1      | Learned a level 2 spell: Call Imp
   353 | D:1      | Learned a level 2 spell: Blink
  1164 | D:1      | Reached XP level 3. HP: 24/24 MP: 7/7
  1853 | D:2      | Learned a level 3 spell: Mephitic Cloud
  2855 | D:2      | Reached XP level 4. HP: 25/29 MP: 9/9
  2965 | D:2      | Reached skill level 1 in Poison Magic
  3170 | D:3      | Noticed bmj180's ghost (amateur HOFi)
  3731 | D:3      | Noticed a centaur
  4045 | D:3      | Killed a centaur
  4045 | D:3      | Reached skill level 4 in Spellcasting
  4045 | D:3      | Reached XP level 5. HP: 33/34 MP: 7/11
  4222 | D:3      | Found a shimmering altar of Xom.
  4567 | D:3      | Reached XP level 6. HP: 39/39 MP: 8/12
  5179 | D:4      | Noticed Grinder
  5205 | D:4      | Paralysed by Grinder for 7 turns
  5275 | D:4      | Paralysed by Grinder for 7 turns
  5280 | D:4      | Slain by Grinder

Skill      XL: |  1  2  3  4  5 |
---------------+----------------+-----
Fighting       | 1 2 |  2.2
Poison Magic   | 3 |  3.0
Conjurations   | 2 3 |  3.2
Spellcasting   | 4 |  4.1
Dodging        | |  2.0
Stealth        | |  2.6
Summonings     | |  1.0
Translocations | |  1.0

Action                   |  1- 3 |  4- 6 || total
-------------------------+-------+-------++-------
Melee: Unarmed           |    14 |       ||    14
       Club              |   113 |       ||   113
       Constrict         |    33 |    17 ||    50
       Tentacles         |    21 |     9 ||    30
       Spear             |    41 |    12 ||    53
       Halberd           |       |    46 ||    46
       Whip              |       |    52 ||    52
 Cast: Magic Dart        |     6 |     4 ||    10
       Call Imp          |     1 |    23 ||    24
       Mephitic Cloud    |       |     6 ||     6
       Blink             |       |     6 ||     6
  Use: Scroll            |     3 |     4 ||     7
       Potion            |       |     4 ||     4
 Stab: Sleeping          |    13 |     2 ||    15
       Distracted        |     1 |     2 ||     3
       Confused          |       |     2 ||     2
  Eat: Chunk             |     6 |     9 ||    15
Armor: Skin              |    15 |    13 ||    28
Dodge: Dodged            |    79 |    83 ||   162
